 Dungeon Crawl Stone Soup version 0.30-a0-739-gea05faddec (webtiles) character file.

Game seed: 9461263070004939887

37 Angani the Cudgeller (level 3, -5/33 HPs)
             Began as a Meteoran Monk on Feb 5, 2023.
             Slain by Crazy Yiuf
             ... wielding a +3 quarterstaff of chaos
              (9 damage)
             ... on level 2 of the Dungeon.
             The game lasted 00:03:12 (832 turns).

Angani the Cudgeller (Meteoran Monk)                 Turns: 832, Time: 00:03:12

Health: -5/33      AC:  8    Str: 14    XL:     3   Next: 85%
Magic:  2/4        EV: 18    Int: 11    God:
Gold:   55         SH:  0    Dex: 17    Spells: 2/2 levels left

rFire   . . .      SeeInvis +    a - +0 mace
rCold   . . .      Faith    .    (no shield)
rNeg    + + +      Spirit   .    m - +1 leather armour "Deraog" {-Cast rN+++ Regen+ SInv}
rPois   +          Reflect  .    (no helmet)
rElec   .          Harm     .    (no cloak)
rCorr   .          Rampage  .    d - +0 pair of gloves
Will    +....      NoCast   +    h - +0 pair of boots
Stlth   +                        (no amulet)
HPRegen 1.05/turn                (no ring)
MPRegen 0.09/turn                (no ring)

@: agile, glowing
A: sense surroundings 1, otherworldly, glowing, explore regen, iridescent scales
1, strong-willed 1, poison resistance
a: no special abilities


You were on level 2 of the Dungeon.
You visited 1 branch of the dungeon, and saw 2 of its levels.

You collected 55 gold pieces.

Inventory:

Hand Weapons
 a - a +0 mace (weapon)
Armour
 d - a +0 pair of gloves (worn)
 h - a +0 pair of boots (worn)
 m - the +1 leather armour "Deraog" (worn) {-Cast rN+++ Regen+ SInv}
   (You found it on level 2 of the Dungeon)

   rN:        It renders you almost immune to negative energy.
   SInv:      It lets you see invisible.
   -Cast:     It prevents spellcasting.
   Regen:     It increases your rate of health regeneration.
Scrolls
 b - 2 scrolls of poison {unknown}
 e - 2 scrolls of teleportation {unknown}
 f - a scroll of identify {unknown}
 k - a scroll of magic mapping {unknown}
 l - a scroll of fog {unknown}
 n - 2 scrolls of silence {unknown}
 o - a scroll of amnesia {unknown}
Potions
 c - a potion of ambrosia
 g - a potion of mutation
 i - a potion of berserk rage {unknown}
 j - a potion of curing {unknown}
 p - a potion of resistance


   Skills:
 + Level 3.8 Fighting
 + Level 4.7 Maces & Flails
 + Level 4.2 Dodging
 - Level 1.4 Stealth


You had 2 spell levels left.
You didn't know any spells.
Your spell library contained the following spells:

 Spells                   Type           Power      Damage    Failure   Level
 Airstrike                Air            0%         2d(0-16)  99%         4
 Summon Lightning Spire   Summ/Air       0%         N/A       99%         4
 Lightning Bolt           Conj/Air       0%         1d11      100%        5


Dungeon Overview and Level Annotations

Branches:
Dungeon (2/15) Zot: 352

Altars:

Annotations:
D:2 Crazy Yiuf


Innate Abilities, Weirdness & Mutations

You passively map a small area around you.
You are easily found by Zot.
You glow in the dark.
You regain HP and MP as you explore.
You are partially covered in iridescent scales. (AC +2)
You are strong-willed. (Will+)
Your system is resistant to poisons. (rPois)


Message History

Here: Crazy Yiuf, wielding a +3 quarterstaff of chaos and wearing a +0 cloak (fire blocked by a runed translucent door)
The floor.
You open the door. You closely miss Crazy Yiuf.
Crazy Yiuf hits you with a +3 quarterstaff of chaos.
You feel your power leaking away.
Crazy Yiuf hits you with a +3 quarterstaff of chaos!
You hit Crazy Yiuf but do no damage.
Crazy Yiuf says, "Lugonu!"
Crazy Yiuf drinks a potion.
Crazy Yiuf suddenly seems more resistant.
You hit Crazy Yiuf but do no damage.
Crazy Yiuf hits you with a +3 quarterstaff of chaos.
It was a potion of mutation.
You feel extremely strange.
You feel resistant to poisons.
You feel strong-willed.
Iridescent scales grow over part of your body.
Crazy Yiuf misses you.
You completely miss Crazy Yiuf.
Crazy Yiuf hits you with a +3 quarterstaff of chaos.
You hit Crazy Yiuf.
Crazy Yiuf is moderately wounded.
Crazy Yiuf closely misses you.
You hit Crazy Yiuf.
Crazy Yiuf is moderately wounded.
Crazy Yiuf closely misses you.
You hit Crazy Yiuf.
Crazy Yiuf is heavily wounded.
Crazy Yiuf hits you with a +3 quarterstaff of chaos. x2
You closely miss Crazy Yiuf.
Crazy Yiuf is heavily wounded.
Crazy Yiuf hits you with a +3 quarterstaff of chaos!
* * * LOW HITPOINT WARNING * * *
You feel agile all of a sudden.
You hit Crazy Yiuf.
Crazy Yiuf is almost dead.
Crazy Yiuf misses you.
You barely miss Crazy Yiuf.
Crazy Yiuf is almost dead.
Crazy Yiuf hits you with a +3 quarterstaff of chaos!
You die...

.# ###.# #.######## .#
#.# #.# .# #.# #.# .#
### ### .# .########
###..<..##♣♣ ###
....##....P♣♣ ♣♣#..)#
....##....))♣♣♣♣@g...#
##.####..).P.♣..♣#...#
##.# ##....♣.♣♣♣ ###
##.# ###♣♣♣♣♣ ##.######
.......[####### #####
##.......#.##.#
###...###########
)..#######.##.#
#...#............ ##.#
#.##>###...#...#########


You could see Crazy Yiuf (resistant).

Vanquished Creatures
  2 worms (D:2)
  2 dart slugs (D:1)
  A ball python (D:1)
  A bat (D:2)
  3 endoplasms
  4 goblins
  3 jackals (D:1)
  3 kobolds
  A quokka (D:1)
  A frilled lizard (D:1)
  4 rats
25 creatures vanquished.

Notes
Turn   | Place    | Note
-------+----------+-------------------------------------------
     0 | D:1      | Angani the Meteoran Monk began the quest for the Orb.
     0 | D:1      | Reached XP level 1. HP: 19/19 MP: 2/2
   117 | D:1      | Reached XP level 2. HP: 18/26 MP: 3/3
   278 | D:1      | Reached XP level 3. HP: 27/33 MP: 4/4
   513 | D:2      | Identified the +1 leather armour "Deraog" {-Cast rN+++
                  | Regen+ SInv}
   576 | D:2      | Identified the +0 leather armour of Beauty {*Corrode rC+
                  | Str+2}
   817 | D:2      | Found a runed translucent door.
   818 | D:2      | Noticed Crazy Yiuf
   825 | D:2      | Gained mutation: Your system is resistant to poisons.
                  | (rPois) [potion of mutation]
   825 | D:2      | Gained mutation: You are strong-willed. (Will+) [potion of
                  | mutation]
   825 | D:2      | Gained mutation: You are partially covered in iridescent
                  | scales. (AC +2) [potion of mutation]
   832 | D:2      | Slain by Crazy Yiuf

Illustrated notes

Levels and vault maps discovered:
D:1:      mrwooster_arrival_statue_3, layout_basic, grunt_decor_one_mirror
D:2:      layout_loops_ring, corexii_shack, uniq_crazy_yiuf_cottage

Skill      XL: |  1  2 |
---------------+-------+-----
Dodging        | 4 |  4.2
Fighting       | |  3.8
Maces & Flails | |  4.7
Stealth        | |  1.4

Action                     || total
---------------------------++-------
  Melee: Mace              ||    78
    Use: Potion            ||     1
 Armour: Leather armour    ||    18
         Ring mail         ||     8
  Dodge: Dodged            ||    35

Table legend: (Time is in decaauts)
 A = Elapsed time spent in this place.
 B = Non-inter-level travel time spent in this place.
 C = Inter-level travel time spent in this place.
 D = Time resting spent in this place.
 E = Time spent auto-exploring this place.
 F = Levels seen in this place.
 G = Mean time per level.
                   A        B        C        D        E       F      G
               +--------+--------+--------+--------+--------+-----+--------+
         Total |    846 |    805 |     41 |      0 |      0 |   2 |  423.0 |
       Dungeon |    846 |    805 |     41 |      0 |      0 |   2 |  423.0 |
               +--------+--------+--------+--------+--------+-----+--------+

Top non-repeatable levels by time:
     D:2: 440 daAuts
     D:1: 406 daAuts
